 Dungeon Crawl Stone Soup version 0.29-a0-397-g846e4a0bbc (webtiles) character file.

Game seed: 17587184685452151741

67757 KateP the Bludgeoner (level 14, -1/133 HPs)
             Began as a Minotaur Fighter on May 11, 2022.
             Was the Champion of Okawaru.
             Slain by a torpor snail (5 damage)
             ... on level 6 of the Lair of Beasts.
             The game lasted 00:39:17 (23152 turns).

KateP the Bludgeoner (Minotaur Fighter)            Turns: 23152, Time: 00:39:17

Health: -1/133     AC: 22    Str: 40    XL:     14   Next: 84%
Magic:  15/15      EV: 12    Int:  9    God:    Okawaru [******]
Gold:   937        SH: 14    Dex: 17    Spells: 13/13 levels left

rFire   + + .      SeeInvis +   p - +4 mace of Change {flame, Str+4 Dex+7 SInv}
rCold   + . .      Faith    .   C - +0 kite shield
rNeg    . . .      Spirit   .   u - +2 plate armour {rPois}
rPois   +          Reflect  .   (helmet unavailable)
rElec   .          Harm     .   (no cloak)
rCorr   .          Rampage  .   D - +0 pair of gloves of the Alphagorgon {rPois Int+4}
Will    +....                   e - +0 pair of boots
Stlth   ..........              w - amulet "Xicopaeg" {Acrobat rF+ rC+ Str+4}
HPRegen 0.32/turn               y - +4 ring of evasion
MPRegen 0.14/turn               v - +6 ring of strength

@: mighty, on berserk cooldown, hasted and slowed, studying Air Magic
A: horns 3, retaliatory headbutt, fire resistance 1
a: Renounce Religion, Heroism, Finesse, Duel


You were on level 6 of the Lair of Beasts.
You worshipped Okawaru.
Okawaru was exalted by your worship.
You visited 2 branches of the dungeon, and saw 20 of its levels.

You collected 2469 gold pieces.
You spent 1532 gold pieces at shops.

Inventory:

Hand Weapons
 p - the +4 mace of Change (weapon) {flame, Str+4 Dex+7 SInv}
   (You found it on level 2 of the Dungeon)

   It burns those it strikes, dealing additional fire damage.
   Str:       It affects your strength (+4).
   Dex:       It affects your dexterity (+7).
   SInv:      It lets you see invisible.
 t - the +12 pair of quick blades "Gyre" and "Gimble" {protect}
   (You took it off an orc wizard on level 12 of the Dungeon)

   It grants its wielder temporary protection when it strikes (+7 to AC).
 x - the +7 demon whip "Liemisep" {drain, rC+ rN+ Int+3}
   (Okawaru gifted it to you on level 11 of the Dungeon)

   A truly terrible weapon, it drains the life of any living foe it strikes.
   Int:       It affects your intelligence (+3).
   rC:        It protects you from cold.
   rN:        It protects you from negative energy.
Missiles
 g - 3 throwing nets (quivered)
Armour
 e - a +0 pair of boots (worn)
 j - the +3 crown of Dyrovepreva {rElec Int+2 SInv}
   (You found it on level 12 of the Dungeon)

   Int:       It affects your intelligence (+2).
   rElec:     It insulates you from electricity.
   SInv:      It lets you see invisible.
 u - a +2 plate armour of poison resistance (worn)
 C - a +0 kite shield (worn)
 D - the +0 pair of gloves of the Alphagorgon (worn) {rPois Int+4}
   (You found it on level 11 of the Dungeon)

   Int:       It affects your intelligence (+4).
   rPois:     It protects you from poison.
Jewellery
 r - an amulet of regeneration
 v - a +6 ring of strength (right hand)
 w - the amulet "Xicopaeg" (around neck) {Acrobat rF+ rC+ Str+4}
   (You bought it in a shop on level 9 of the Dungeon)

   [amulet of the acrobat]

   It increases your evasion while moving and waiting.
   Str:       It affects your strength (+4).
   rF:        It protects you from fire.
   rC:        It protects you from cold.
 y - a +4 ring of evasion (left hand)
 G - a ring of magical power
 H - an amulet of faith
Wands
 d - a wand of acid (7)
 B - a wand of digging (6)
 I - a wand of flame (11)
 M - a wand of mindburst (4)
Scrolls
 a - 3 scrolls of fog
 h - 4 scrolls of enchant weapon
 i - 5 scrolls of magic mapping
 k - 4 scrolls of fear
 l - 17 scrolls of identify
 n - 9 scrolls of teleportation
 q - a scroll of brand weapon
 z - 3 scrolls of amnesia
 A - 2 scrolls of blinking
 J - 3 scrolls of summoning {unknown}
 K - a scroll of acquirement
 L - a scroll of enchant armour {unknown}
 N - 2 scrolls of poison
Potions
 c - 8 potions of ambrosia
 f - 6 potions of curing
 m - 2 potions of haste
 o - 4 potions of flight
 s - 3 potions of brilliance
 E - 2 potions of might


   Skills:
 + Level 14.7 Fighting
 - Level 5.5 Long Blades
 + Level 18.7 Maces & Flails
 + Level 14.7 Armour
 + Level 14.7 Shields
 + Level 3.3 Invocations


You had 13 spell levels left.
You didn't know any spells.
Your spell library contained the following spells:

 Spells                   Type           Power      Damage    Failure   Level
 Pain                     Necr           0%         1d4       95%         1
 Sandblast                Erth           0%         2d4       95%         1
 Ensorcelled Hibernation  Hex/Ice        0%         N/A       99%         2
 Passwall                 Tmut/Erth      0%         N/A       99%         2
 Static Discharge         Conj/Air       0%         N/A       99%         2
 Sublimation of Blood     Necr           0%         N/A       99%         2
 Wereblood                Tmut           0%         N/A       99%         2
 Conjure Flame            Conj/Fire      0%         6-21      100%        3
 Ignite Poison            Fire/Tmut/Pois 0%         N/A       100%        3
 Mephitic Cloud           Conj/Pois/Air  0%         N/A       100%        3
 Ozocubu's Armour         Ice            0%         N/A       100%        3
 Stone Arrow              Conj/Erth      0%         3d7       100%        3
 Swiftness                Air            0%         N/A       100%        3
 Vampiric Draining        Necr           0%         2d6       100%        3
 Airstrike                Air            0%         N/A       100%        4
 Hailstorm                Conj/Ice       0%         3d3       100%        4
 Ice Form                 Ice/Tmut       0%         N/A       100%        4
 Passage of Golubria      Tloc           0%         N/A       100%        4
 Sticky Flame             Conj/Fire      0%         2d3       100%        4
 Freezing Cloud           Conj/Ice/Air   0%         6-21      100%        5
 Lightning Bolt           Conj/Air       0%         1d11      100%        5
 Metabolic Englaciation   Hex/Ice        0%         N/A       100%        5
 Yara's Violent Unravell  Hex/Tmut       0%         3d3       100%        5
 Maxwell's Capacitive Co  Air            0%         ∞         100%        8
 Animate Skeleton         Necr           Unusable   N/A       N/A         1
 Summon Small Mammal      Summ           Unusable   N/A       N/A         1
 Call Canine Familiar     Summ           Unusable   N/A       N/A         3
 Summon Guardian Golem    Hex/Summ       Unusable   N/A       N/A         3
 Tukima's Dance           Hex            Unusable   N/A       N/A         3
 Summon Lightning Spire   Summ/Air       Unusable   N/A       N/A         4
 Simulacrum               Ice/Necr       Unusable   N/A       N/A         6
 Summon Hydra             Summ           Unusable   N/A       N/A         7

Dungeon Overview and Level Annotations

Branches:
Dungeon (14/15)            Temple (0/1) D:6            Lair (6/6) D:11
 Shoals (0/4) Lair:3       Spider (0/4) Lair:2        Slime (0/5) Lair:5
    Orc (0/2) D:11
 Vaults: D:13-14

Altars:
Ashenzari
Cheibriados
Dithmenos
Elyvilon
Fedhas
Nemelex Xobeh
Okawaru
Qazlal
Ru
Trog
Wu Jian
Xom
Beogh

Shops:
D:2 (   D:3 *   D:6 *   D:9 =


Innate Abilities, Weirdness & Mutations

You have a pair of large horns on your head.
You reflexively headbutt those who attack you in melee.
Your flesh is heat resistant. (rF+)


Message History

You bludgeon the death yak!! You burn the death yak!
You kill the death yak!
Okawaru accepts your kill.
You sock the death yak! You burn the death yak. You headbutt the death yak.
The death yak is moderately wounded.
The death yak gores you but does no damage.
You block the death yak's attack.
You thump the death yak! You burn the death yak.
Your headbutt misses the death yak.
The death yak is heavily wounded.
You block the yak's attack.
The death yak gores you but does no damage. x2
You bludgeon the death yak!! You burn the death yak.
The death yak is almost dead.
The death yak barely misses you. The death yak closely misses you.
You furiously retaliate!
You headbutt the death yak! You hit the death yak. You burn the death yak.
The death yak is almost dead.
The death yak gores you.
* * * LOW HITPOINT WARNING * * *
You block the death yak's attack.
You hit the death yak but do no damage.
The death yak is almost dead.
You sock the death yak! You burn the death yak.
You kill the death yak!
Okawaru accepts your kill. You block the death yak's attack.
The death yak gores you but does no damage.
You thump the death yak! You burn the death yak. You headbutt the death yak!!
The death yak is heavily wounded.
You block the death yak's attack. The death yak gores you!
* * * LOW HITPOINT WARNING * * *
You block the yak's attack.
Blink to where?
Press: ? - help, Dir - move target A torpor snail comes into view.
As you read the scroll of blinking, it crumbles to dust.
There is a stone staircase leading up here.
The torpor snail bites you.
You die...

P...... #.Y .# .....##..
.#.......## ..#...Y
P.........####.....#
............##.....#
...................#
..................##
#..................##
#...............@...#..
#...............w.......
#.............#....#....
..............Y....#P...
...........)......#.....
.........#).YY8.........
....#...#Y.Y.........8.
.....####.#Y....8......
..... #§Y..#.......8...


You could see 2 death yaks, a torpor snail and 5 yaks.

Vanquished Creatures
  Gastronok (D:11)
  Josephine (Lair:6)
  A fire dragon (D:12)
  10 hydras
  A rakshasa (D:12)
  The ghost of Heedrag the Thaumaturge, a journeyman DsFE of Vehumet (D:10)
  A boulder beetle (D:12)
  A death knight (D:13)
  2 centaur warriors (D:13)
  The ghost of Gargoyl the Cleaver, a journeyman GrBe of Trog (D:11)
  A catoblepas (D:12)
  3 two-headed ogres
  12 death yaks (Lair:6)
  A tengu warrior (D:13)
  The ghost of bgiannan the Fighter, a novice MiBe of Trog (D:7)
  The ghost of feta the Skirmisher, a novice GrGl of Makhleb (D:8)
  6 skeletal warriors
  2 deep elf pyromancers
  An ugly thing (D:13)
  3 cyclopes (D:12)
  A merfolk siren (Lair:3)
  Maurice (D:12)
  11 elephants
  Joseph (D:9)
  3 black mambas
  11 cane toads
  A gargoyle (D:12)
  An unseen horror (D:11)
  Maggie (D:7)
  A torpor snail (Lair:2)
  9 komodo dragons
  3 freezing wraiths (D:10)
  A rime drake (shapeshifter) (D:13)
  A tengu conjurer (D:13)
  2 rime drakes
  6 trolls
  3 meliai (D:13)
  A queen bee (D:13)
  A hornet (D:9)
  A polar bear (Lair:4)
  6 slime creatures (D:12)
  4 blink frogs (Lair:5)
  Sigmund (D:2)
  46 yaks
  3 wyverns
  2 shadows (D:11)
  11 wraiths
  4 basilisks
  5 steam dragons
  3 vampire mosquitoes (D:13)
  A warg (D:11)
  2 acid dragons (D:8)
  10 water moccasins
  Duvessa (D:6)
  5 ice beasts
  16 orc warriors
  2 sky beasts
  A black bear (Lair:5)
  2 ogres
  A boggart (D:12)
  3 wolves (Lair:3)
  8 centaurs
  A phantom (D:6)
  4 kobold brigands
  2 necrophages
  Blork the orc (D:4)
  17 bullfrogs
  3 gnoll sergeants
  9 scorpions
  Dowan (D:6)
  22 killer bees
  5 howler monkeys
  2 electric eels
  3 hounds
  A jelly (D:4)
  Crazy Yiuf (D:2)
  15 orc priests
  2 iguanas
  14 orc wizards
  5 hell rats (Lair:5)
  Robin (D:2)
  13 gnolls
  9 adders
  A shadow imp (D:6)
  2 white imps
  2 ufetubi (D:6)
  10 worms
  5 dart slugs
  53 orcs
  9 ball pythons
  6 bats
  5 endoplasms
  5 giant cockroaches
  21 goblins
  11 hobgoblins
  20 kobolds
  3 quokkas
  4 frilled lizards
  8 rats
544 creatures vanquished.

Vanquished Creatures (others)
  A bush (Lair:6)
  33 fungi
  35 plants
69 creatures vanquished.

Grand Total: 613 creatures vanquished

Notes
Turn   | Place    | Note
-------+----------+-------------------------------------------
     0 | D:1      | KateP the Minotaur Fighter began the quest for the Orb.
     0 | D:1      | Reached XP level 1. HP: 19/19 MP: 0/0
   334 | D:1      | Reached XP level 2. HP: 20/27 MP: 1/1
   652 | D:1      | Reached XP level 3. HP: 33/33 MP: 2/2
  1150 | D:2      | Reached XP level 4. HP: 15/40 MP: 3/3
  1378 | D:2      | Found a faded altar of an unknown god.
  1421 | D:2      | Noticed Sigmund
  1440 | D:2      | Killed Sigmund
  1441 | D:2      | Reached skill level 5 in Long Blades
  1441 | D:2      | Reached XP level 5. HP: 8/47 MP: 4/4
  1734 | D:2      | Noticed Robin
  1760 | D:2      | Killed Robin
  1977 | D:2      | Found Lyfiaren's Antique Weapon Shop.
  1989 | D:2      | Reached XP level 6. HP: 55/55 MP: 5/5
  2286 | D:2      | Found a runed translucent door.
  2287 | D:2      | Noticed Crazy Yiuf
  2345 | D:2      | Killed Crazy Yiuf
  2349 | D:2      | Identified the +4 mace of Change {flame, Str+4 Dex+7 SInv}
  2703 | D:2      | Reached skill level 5 in Fighting
  3282 | D:3      | Reached skill level 5 in Armour
  3342 | D:3      | Reached skill level 5 in Shields
  3347 | D:3      | Reached skill level 1 in Maces & Flails
  3516 | D:3      | Found Ishruecwa's General Store.
  4164 | D:4      | Reached skill level 2 in Maces & Flails
  4188 | D:4      | Reached XP level 7. HP: 42/61 MP: 6/6
  4247 | D:4      | Reached skill level 3 in Maces & Flails
  4387 | D:4      | Noticed Blork the orc
  4392 | D:4      | Killed Blork the orc
  4427 | D:4      | Reached skill level 4 in Maces & Flails
  4668 | D:5      | Entered Level 5 of the Dungeon
  4807 | D:5      | Reached XP level 8. HP: 70/70 MP: 7/7
  4889 | D:5      | Reached skill level 5 in Maces & Flails
  5145 | D:5      | Reached skill level 6 in Maces & Flails
  5201 | D:5      | Identified the +1 robe of Oninkog {rF+ rC- rCorr Dex+3}
  5729 | D:6      | Found a sacrificial altar of Ru.
  5732 | D:6      | Found a sparkling altar of Nemelex Xobeh.
  5733 | D:6      | Found an ornate altar of the Wu Jian Council.
  5739 | D:6      | Found a blossoming altar of Fedhas.
  5740 | D:6      | Found a snail-covered altar of Cheibriados.
  5741 | D:6      | Found an iron altar of Okawaru.
  5744 | D:6      | Found a shadowy altar of Dithmenos.
  5746 | D:6      | Found a broken altar of Ashenzari.
  5751 | D:6      | Found a stormy altar of Qazlal.
  5754 | D:6      | Found a shimmering altar of Xom.
  5755 | D:6      | Found a white marble altar of Elyvilon.
  5760 | D:6      | Noticed Duvessa
  5760 | D:6      | Noticed Dowan
  5769 | D:6      | Killed Duvessa
  5774 | D:6      | Killed Dowan
  5859 | D:6      | Found Xolairph's Serpentskin Sales.
  5863 | D:6      | Reached skill level 7 in Maces & Flails
  5983 | D:6      | Reached XP level 9. HP: 79/79 MP: 8/8
  6150 | D:6      | Found a staircase to the Ecumenical Temple.
  6356 | D:6      | Became a worshipper of Warmaster Okawaru
  6410 | D:7      | Found a runed translucent door.
  6410 | D:7      | Noticed bgiannan's ghost (novice MiBe)
  6547 | D:7      | Noticed Maggie
  6562 | D:7      | Killed Maggie
  6563 | D:7      | Reached skill level 8 in Maces & Flails
  7083 | D:7      | Killed bgiannan's ghost
  7083 | D:7      | Reached * piety under Okawaru
  7084 | D:7      | Reached skill level 9 in Maces & Flails
  7108 | D:7      | Identified a scroll of acquirement
  7108 | D:7      | Acquired 816 gold pieces
  7155 | D:7      | Gained mutation: Your flesh is heat resistant. (rF+)
                  | [potion of mutation]
  7155 | D:7      | Gained mutation: You have a pair of large horns on your
                  | head. [potion of mutation]
  7415 | D:8      | Found a runed translucent door.
  7415 | D:8      | Noticed feta's ghost (novice GrGl)
  7512 | D:8      | Reached XP level 10. HP: 70/90 MP: 9/9
  7663 | D:8      | Killed feta's ghost
  7663 | D:8      | Reached ** piety under Okawaru
  7664 | D:8      | Reached skill level 10 in Maces & Flails
  8095 | D:8      | Noticed a two-headed ogre
  8098 | D:8      | Reached *** piety under Okawaru
  8099 | D:8      | Reached skill level 11 in Maces & Flails
  8105 | D:8      | Killed a two-headed ogre
  8160 | D:8      | Found a bloodstained altar of Trog.
  9002 | D:9      | Noticed a two-headed ogre
  9013 | D:9      | Killed a two-headed ogre
  9013 | D:9      | Reached **** piety under Okawaru
  9014 | D:9      | Reached XP level 11. HP: 66/99 MP: 10/10
  9150 | D:9      | Noticed Joseph
  9167 | D:9      | Killed Joseph
  9168 | D:9      | Reached skill level 10 in Fighting
  9169 | D:9      | Reached skill level 12 in Maces & Flails
  9244 | D:9      | Reached skill level 10 in Shields
  9258 | D:9      | Reached skill level 10 in Armour
  9394 | D:9      | Found Yrghiuto's Jewellery Shop.
  9411 | D:9      | Bought a +6 ring of strength for 760 gold pieces
  9411 | D:9      | Bought the amulet "Xicopaeg" {Acrobat rF+ rC+ Str+4} for
                  | 772 gold pieces
 10179 | D:10     | Entered Level 10 of the Dungeon
 10463 | D:10     | Reached ***** piety under Okawaru
 10690 | D:10     | Found a runed translucent gate.
 10690 | D:10     | Found a runed translucent gate.
 10691 | D:10     | Found a runed translucent gate.
 10693 | D:10     | Noticed Heedrag's ghost (journeyman DsFE)
 10760 | D:10     | Killed Heedrag's ghost
 10761 | D:10     | Reached skill level 13 in Maces & Flails
 11364 | D:11     | Received a gift from Okawaru
 11490 | D:11     | Noticed a four-headed hydra
 11500 | D:11     | Killed a four-headed hydra
 11966 | D:11     | Found a staircase to the Orcish Mines.
 12053 | D:11     | Reached XP level 12. HP: 88/110 MP: 11/11
 12072 | D:11     | Reached skill level 14 in Maces & Flails
 12081 | D:11     | Identified the +7 demon whip "Liemisep" {drain, rC+ rN+
                  | Int+3} (Okawaru gifted it to you on level 11 of the
                  | Dungeon)
 12081 | D:11     | Received a gift from Okawaru
 12337 | D:11     | Noticed Gastronok
 12338 | D:11     | Noticed an eight-headed hydra
 12383 | D:11     | Killed an eight-headed hydra
 12439 | D:11     | Killed Gastronok
 12742 | D:11     | Found a runed translucent gate.
 12742 | D:11     | Noticed Gargoyl's ghost (journeyman GrBe)
 12743 | D:11     | Found a runed translucent gate.
 12744 | D:11     | Found a runed translucent gate.
 12747 | D:11     | Identified the +0 plate armour of the Known World {Str+4
                  | Dex+3}
 12941 | D:11     | Found a staircase to the Lair.
 13010 | D:11     | Killed Gargoyl's ghost
 13262 | D:11     | Identified the +0 pair of gloves of the Alphagorgon {rPois
                  | Int+4}
 13314 | D:12     | Noticed a fire dragon
 13420 | D:12     | Killed a fire dragon
 13421 | D:12     | Reached skill level 15 in Maces & Flails
 13580 | D:12     | Received a gift from Okawaru
 13677 | D:12     | Noticed a rakshasa
 13682 | D:12     | Noticed a four-headed hydra
 13836 | D:12     | Noticed a boulder beetle
 13860 | D:12     | Killed a boulder beetle
 14121 | D:12     | Killed a rakshasa
 14332 | D:12     | Found a snail-covered altar of Cheibriados.
 14362 | D:12     | Noticed a catoblepas
 14370 | D:12     | Killed a catoblepas
 14571 | D:12     | Found the +3 crown of Dyrovepreva {rElec Int+2 SInv}
 14572 | D:12     | Noticed a two-headed ogre
 14579 | D:12     | Killed a two-headed ogre
 14639 | D:12     | Noticed Maurice
 14647 | D:12     | Killed Maurice
 14759 | D:12     | Reached XP level 13. HP: 113/119 MP: 12/12
 14881 | D:12     | You fall into a shaft and drop 1 floor!
 14906 | D:13     | HP: 2/119 [skeletal warrior/+0 glaive (14)]
 15324 | D:14     | Reached ****** piety under Okawaru
 15457 | D:13     | Reached skill level 16 in Maces & Flails
 15990 | D:13     | Identified the +3 broad axe "Qinei" {vorpal, rN++ Int+2}
 16104 | D:13     | Identified the +0 ring mail of Negligence {rElec SInv}
                  | (Okawaru gifted it to you on level 13 of the Dungeon)
 16104 | D:13     | Received a gift from Okawaru
 17298 | D:12     | Reached skill level 17 in Maces & Flails
 17494 | Lair:1   | Entered Level 1 of the Lair of Beasts
 18865 | Lair:2   | Found a hole to the Spider Nest.
 19593 | Lair:3   | Found a staircase to the Shoals.
 19686 | Lair:3   | Reached XP level 14. HP: 64/130 MP: 13/13
 20703 | Lair:4   | Reached skill level 18 in Maces & Flails
 20703 | Lair:4   | Received a gift from Okawaru
 20960 | Lair:4   | Received a gift from Okawaru
 21827 | Lair:5   | Reached skill level 1 in Invocations
 22186 | Lair:5   | Found a staircase to the Slime Pits.
 22628 | Lair:6   | Entered Level 6 of the Lair of Beasts
 22678 | Lair:6   | HP: 5/133 [death yak (9)]
 23025 | Lair:6   | Noticed Josephine
 23036 | Lair:6   | Killed Josephine
 23036 | Lair:6   | Identified the +10 shortbow "Beast's Nightmare" {flame,
                  | rPois rC+ Int-2} (Okawaru gifted it to you on level 6 of
                  | the Lair of Beasts)
 23036 | Lair:6   | Received a gift from Okawaru
 23147 | Lair:6   | HP: 2/133 [death yak (14)]
 23152 | Lair:6   | Slain by a torpor snail

Illustrated notes

Levels and vault maps discovered:
D:1:      lemuel_arrival_cross, layout_loops_ring, minmay_shallow_snake_nest
D:2:      layout_basic, shapermc_ecumenical_altar_totnotflames, serial_shops,
          shop, serial_corexii_hall, corexii_hall_statues_s,
          corexii_hall_statues_x, corexii_hall_statues_l,
          corexii_hall_statues_i, minmay_joined_circles, uniq_robin,
          uniq_crazy_yiuf_cottage, uniq_sigmund
D:3:      layout_basic, serial_shops, nicolae_shop_behind_doors,
          cheibrodos_sewer_entry_bend, minmay_bisected
D:4:      layout_rooms, guppyfry_early_orc_mine, uniq_blork_the_orc
D:5:      layout_basic
D:6:      layout_basic, nicolae_overflow_hallway_of_the_gods,
          minmay_temple_entry_junction, guppyfry_shop_venom, uniq_duvessa
D:7:      layout_basic, gammafunk_ghost_grave, uniq_maggie
D:8:      minmay_the_grid_octo_tiled_squarecenter
          [minmay_the_grid_octo_thin_diamonds, minmay_the_grid_octo_empty,
          minmay_the_grid_octo_vomiting_pacman, minmay_the_grid_octo_clover,
          minmay_the_grid_square_5x5_megaprize_hollow,
          minmay_the_grid_square_5x5_half_checkered,
          minmay_the_grid_square_5x5_fancy_junction,
          minmay_the_grid_square_5x5_three_walls,
          minmay_the_grid_square_5x5_intrusive_squares], layout_basic,
          gammafunk_ghost_grave, hangedman_decor_clover_reticule
D:9:      layout_grid_maze, serial_shops, nicolae_square_shop, uniq_joseph
D:10:     layout_basic, gammafunk_ghost_spectres
D:11:     layout_big_octagon, grunt_lair_entry_orc_guard_hut,
          david_orc_1_choice, biasface_ghost_orc_armoury, minmay_misc_feat_chi,
          uniq_gastronok
D:12:     minmay_cut_squares, layout_stronghold, slow_altar_2, uniq_maurice
D:13:     layout_loops_ring, minivault_7
D:14:     layout_basic, hangedman_vaults_entry_quadrant_bands,
          minmay_misc_feat_diagonals
Lair:1:   layout_gridlike, dreamdust_mushroom_princess
Lair:2:   layout_cave_pods, nicolae_spider_entry_non_spiders
Lair:3:   layout_misc_corridors, minmay_shoals_entry_lonely_mermaid
Lair:4:   layout_gridlike, chequers_serial_rivers_small_3
Lair:5:   layout_misc_corridors, dpeg_slime_entry_corner, beast_lair_carwin_2,
          serial_bayou_shore_a, grunt_megastairs_5, lemuel_fruit_fields
Lair:6:   evilmike_catoblepas_cave, layout_concentric_octagons,
          gammafunk_ghost_abyssal_escape, chequers_serial_rivers_large_b,
          nicolae_lair_liquid_snakes, uniq_josephine

Skill      XL: |  1  2  3  4  5  6  7  8  9 10 11 12 13 14 |
---------------+-------------------------------------------+-----
Long Blades    | 3 5 |  5.5
Fighting       | 4 5 6 7 8 9 11 12 13 14 | 14.7
Shields        | 4 5 6 7 8 9 11 12 13 14 | 14.7
Armour         | 4 5 6 7 8 9 11 12 13 14 | 14.7
Maces & Flails | 2 4 7 9 11 13 15 17 18 | 18.7
Invocations    | 3 |  3.3

Action                   |  1- 3 |  4- 6 |  7- 9 | 10-12 | 13-15 || total
-------------------------+-------+-------+-------+-------+-------++-------
Melee: Long sword        |    84 |   109 |       |       |       ||   193
       Headbutt          |    13 |    27 |    48 |   155 |   165 ||   408
       Mace              |       |    60 |   192 |   568 |   606 ||  1426
       Unarmed           |       |       |       |     8 |       ||     8
       Demon whip        |       |       |       |    14 |       ||    14
  Use: Scroll            |       |     5 |    13 |     3 |     4 ||    25
       Potion            |       |       |     4 |    13 |     7 ||    24
 Stab: Distracted        |       |       |       |       |     1 ||     1
Armor: Scale mail        |    28 |    64 |    58 |    72 |       ||   222
       Plate armour      |       |       |       |    93 |   269 ||   362
Dodge: Dodged            |    34 |    73 |    81 |   337 |   309 ||   834
Block: Buckler           |    21 |    41 |    56 |   142 |       ||   260
       Kite shield       |       |       |       |   125 |   467 ||   592

Table legend: (Time is in decaauts)
 A = Elapsed time spent in this place.
 B = Non-inter-level travel time spent in this place.
 C = Inter-level travel time spent in this place.
 D = Time resting spent in this place.
 E = Time spent auto-exploring this place.
 F = Levels seen in this place.
 G = Mean time per level.
                   A        B        C        D        E       F      G
               +--------+--------+--------+--------+--------+-----+--------+
         Total |  23006 |  22958 |     48 |   2805 |  15498 |  20 | 1150.3 |
       Dungeon |  17417 |  17370 |     47 |   2348 |  11214 |  14 | 1244.1 |
          Lair |   5589 |   5589 |      0 |    457 |   4284 |   6 |  931.5 |
               +--------+--------+--------+--------+--------+-----+--------+

Top non-repeatable levels by time:
     D:2: 2123 daAuts
    D:11: 1946 daAuts
    D:12: 1713 daAuts
     D:8: 1654 daAuts
    D:13: 1525 daAuts
     D:9: 1309 daAuts
  Lair:5: 1176 daAuts
    D:10: 1146 daAuts
  Lair:4: 1122 daAuts
  Lair:2: 1062 daAuts
     D:1: 1062 daAuts
     D:3: 1024 daAuts
  Lair:3: 899 daAuts
     D:6: 866 daAuts
     D:5: 862 daAuts
